 Dungeon Crawl Stone Soup version 0.29-a0-22-gbf593b16ee (webtiles) character file.

Game seed: 7840217745304865013

3731 enile the Fighter (level 9, -4/121 HPs)
             Began as a Demigod Conjurer on Jan 30, 2022.
             Slain by a killer bee (5 damage)
             ... on level 8 of the Dungeon.
             The game lasted 00:18:31 (8519 turns).

enile the Fighter (Demigod Conjurer)                Turns: 8519, Time: 00:18:32

Health: -4/121     AC: 28    Str: 16    XL:     9   Next: 61%
Magic:  2/16       EV:  2    Int: 28    God:
Gold:   472        SH:  0    Dex:  8    Spells: 7/14 levels left

rFire   . . .      SeeInvis .   M - +8 whip of Wofip {vorpal, +Blink rN+ Int+4 Dex-4}
rCold   . . .      Faith    .   (no shield)
rNeg    + . .      Spirit   .   (armour currently unavailable)
rPois   +          Reflect  .   (helmet currently unavailable)
rElec   .          Harm     .   (cloak currently unavailable)
rCorr   +          Rampage  .   (gloves currently unavailable)
Will    .....      NoTele   +   (boots currently unavailable)
Stlth   ++........              w - amulet of regeneration
HPRegen 1.10/turn               c - ring of resist corrosion
MPRegen 0.15/turn               p - +4 ring of protection

@: mighty, tree-form
A: stationary, stasis, torment immunity, boosted hp, high MP 1, forlorn, divine
attributes
a: Evoke Blink


You were on level 8 of the Dungeon.
You were a tree.
You visited 1 branch of the dungeon, and saw 8 of its levels.

You collected 472 gold pieces.

Inventory:

Hand Weapons
 d - a +2 hunting sling of freezing
 f - a +1 hand axe of freezing
 E - a +1 whip of electrocution
 M - the +8 whip of Wofip (weapon) {vorpal, +Blink rN+ Int+4 Dex-4}
   (You found it on level 6 of the Dungeon)

   It inflicts extra damage upon your enemies.
   Int:       It affects your intelligence (+4).
   Dex:       It affects your dexterity (-4).
   rN:        It protects you from negative energy.
   +Blink:    It lets you blink.
 N - the +1 quarterstaff "Utamad" {freeze, rPois rN+ Dex-2 SInv Stlth+}
   (You found it on level 7 of the Dungeon)

   It freezes those it strikes, dealing additional cold damage.
   It can also slow down cold-blooded creatures.
   Dex:       It affects your dexterity (-2).
   rPois:     It protects you from poison.
   rN:        It protects you from negative energy.
   SInv:      It lets you see invisible.
   Stlth:     It makes you more stealthy.
 R - the +9 war axe "Untob" {pain, rF+ Str+3}
   (You found it on level 7 of the Dungeon)

   In the hands of one skilled in necromantic magic, it inflicts extra damage on
   living creatures.
   Str:       It affects your strength (+3).
   rF:        It protects you from fire.
Missiles
 e - 234 stones
 q - 2 silver javelins
 z - 5 poisoned darts
 J - 14 sling bullets
 P - 6 boomerangs
Armour
 a - a +0 robe (melded)
 r - a +0 plate armour
 D - a +2 hat (melded)
 G - a +0 tower shield
Magical Staves
 h - a staff of conjuration
Jewellery
 c - a ring of resist corrosion (left branch)
 p - a +4 ring of protection (right branch)
 w - an amulet of regeneration (around neck)
 F - a +4 ring of slaying
 H - a ring of poison resistance
Wands
 j - a wand of paralysis (6)
 I - a wand of digging (5)
 Q - a wand of iceblast (7) (quivered)
Scrolls
 b - 2 scrolls of fog {unknown}
 k - a scroll of teleportation
 n - 2 scrolls of magic mapping
 o - a scroll of holy word {unknown}
 t - a scroll of enchant weapon {unknown}
 u - a scroll of immolation {unknown}
 v - 4 scrolls of identify
 y - a scroll of fear {unknown}
 B - a scroll of enchant armour {unknown}
 O - a scroll of noise {unknown}
Potions
 g - a potion of might
 l - 2 potions of curing
 m - 3 potions of degeneration {unknown}
 s - a potion of haste {unknown}
 A - a potion of heal wounds {unknown}
 C - a potion of invisibility {unknown}
 K - a potion of brilliance {unknown}
 L - a potion of magic {unknown}


   Skills:
 - Level 8.0 Fighting
 - Level 2.0 Maces & Flails
 - Level 3.0(3.3) Slings
 - Level 2.2(3.0) Throwing
 - Level 5.0 Dodging
 - Level 4.0 Stealth
 - Level 3.0 Spellcasting
 - Level 5.0 Conjurations
 - Level 3.0 Hexes
 + Level 4.3 Evocations


You had 7 spell levels left.
You knew the following spells:

 Your Spells              Type           Power      Damage    Failure   Level
a - Magic Dart            Conj           100%       1d8       1%          1
b - Searing Ray           Conj           64%        2d6       1%          2
c - Fulminant Prism       Conj/Hex       13%        3d9       16%         4

Your spell library contained the following spells:

 Spells                   Type           Power      Damage    Failure   Level
 Dazzling Flash           Conj/Hex       52%        N/A       4%          3
 Animate Skeleton         Necr           8%         N/A       9%          1
 Pain                     Necr           16%        1d4       9%          1
 Call Imp                 Summ           4%         N/A       12%         2
 Corpse Rot               Necr/Air       8%         N/A       12%         2
 Mephitic Cloud           Conj/Pois/Air  13%        N/A       13%         3
 Summon Guardian Golem    Hex/Summ       12%        N/A       13%         3
 Vampiric Draining        Necr           4%         2d6       24%         3
 Iskenderun's Mystic Bla  Conj/Tloc      18%        2d6       28%         4
 Dispel Undead            Necr           4%         3d7       63%         4
 Death Channel            Necr           2%         N/A       100%        6
 Orb of Destruction       Conj           16%        9d7       100%        7
 Spellforged Servitor     Conj/Summ      9%         N/A       100%        7


Dungeon Overview and Level Annotations

Branches:
Dungeon (8/15)             Temple (0/1) D:5
   Lair: D:8-11

Annotations:
D:7 2 transporters, Cecur's ghost, amateur DsGl


Innate Abilities, Weirdness & Mutations

You are a tree.
Your roots penetrate the ground, keeping you stationary.
You cannot be teleported.
You are immune to unholy pain and torment.
Your maximum health is greatly increased.
Your equipment is partially melded.
You have an increased reservoir of magic. (+10% MP)
You shall have no god before yourself.
Your divine heritage dramatically boosts your attributes as you level up.


Message History

* * * LOW HITPOINT WARNING * * *
You are poisoned.
The killer bee poisons you!
The killer bee stings you but does no damage.
It was a potion of might.
You feel very mighty all of a sudden.
You feel sick. The killer bee barely misses you.
The killer bee closely misses you.
It was a potion of curing.
You feel better.
You closely miss the killer bee. The killer bee closely misses you.
The killer bee stings you!
* * * LOW HITPOINT WARNING * * *
Okay, then.
As you read the scroll of teleportation, it crumbles to dust.
You feel strangely unstable. The killer bee stings you.
* * * LOW HITPOINT WARNING * * *
The killer bee stings you.
* * * LOW HITPOINT WARNING * * *
The killer bee barely misses you. The killer bee closely misses you.
It was a potion of lignification.
You turn into a tree.
Your +2 hat melds into your body.
Your +0 robe melds into your body.
Your roots penetrate the ground.
You feel strangely stable.
You feel stable enough to blink again. The killer bee barely misses you.
The killer bee stings you but does no damage. x3
The killer bee stings you.
* * * LOW HITPOINT WARNING * * *
The killer bee stings you but does no damage.
As you read the scroll labelled NUTATA VOPNY, it crumbles to dust.
Wisps of shadow whirl around you...
It was a scroll of summoning.
The killer bee stings you but does no damage. x6
You miss the killer bee.
The killer bee stings you but does no damage. x2
The killer bee stings you.
* * * LOW HITPOINT WARNING * * *
Your centaur barely misses the killer bee.
Your centaur misses the killer bee.
The killer bee stings you but does no damage.
The killer bee stings you.
You die...

..# #.# # #.# # # #.#
# #.##.### #
########.y....## #
#...h.##.......#######
#o.coy##.y#.#.........
#...c♣yy..#..>.......y
#o...y##..#.#........)
#....o# #.#..#######
####### ... .# # ###
## # # # # #


You could see 5 killer bees, a friendly orc warrior (summoned), 2 friendly
centaurs, a friendly howler monkey (summoned) and 3 friendly orcs.

Vanquished Creatures
  A two-headed ogre (D:8)
  Pikel (D:6)
  Sigmund (D:2)
  A yak (D:7)
  3 water moccasins
  2 ice beasts
  An orc warrior (D:6)
  A black bear (D:4)
  2 necrophages
  2 sky beasts
  An ogre (D:6)
  A centaur (D:5)
  2 lemures (D:6)
  A phantom (D:5)
  Blork the orc (D:4)
  2 scorpions
  A wyvern zombie (D:6)
  2 howler monkeys (D:4)
  4 jellies
  2 centaur zombies
  A gnoll shaman (D:3)
  A bullfrog skeleton (D:5)
  An orc priest (D:4)
  A centaur skeleton (D:5)
  4 hounds
  Ijyb (D:5)
  2 iguanas
  4 orc wizards
  A howler monkey zombie (D:7)
  10 gnolls
  2 adders (D:6)
  A white imp (D:5)
  An ufetubus (D:6)
  An adder skeleton (D:4)
  10 orcs
  7 endoplasms
  2 giant cockroaches
  6 goblins
  7 hobgoblins
  4 quokkas
  6 ball pythons
  2 bats (D:3)
  5 frilled lizards
  6 kobolds
  6 rats
124 creatures vanquished.

Vanquished Creatures (others)
  10 fulminant prisms
10 creatures vanquished.

Grand Total: 134 creatures vanquished

Notes
Turn   | Place    | Note
-------+----------+-------------------------------------------
     0 | D:1      | enile the Demigod Conjurer began the quest for the Orb.
     0 | D:1      | Reached XP level 1. HP: 14/14 MP: 5/5
   328 | D:1      | Reached skill level 1 in Fighting
   548 | D:1      | Reached XP level 2. HP: 23/23 MP: 7/7
   835 | D:1      | Learned a level 2 spell: Searing Ray
   963 | D:2      | Reached skill level 2 in Fighting
  1250 | D:2      | Noticed Sigmund
  1257 | D:2      | Killed Sigmund
  1258 | D:2      | Reached skill level 3 in Fighting
  1258 | D:2      | Reached skill level 1 in Slings
  1258 | D:2      | Reached XP level 3. HP: 13/31 MP: 5/8
  1258 | D:2      | Reached XP level 4. HP: 16/39 MP: 5/9
  1258 | D:2      | Reached XP level 5. HP: 19/45 MP: 5/10
  1955 | D:3      | Reached skill level 4 in Fighting
  2825 | D:4      | Reached skill level 5 in Fighting
  2825 | D:4      | Reached XP level 6. HP: 48/56 MP: 11/11
  3600 | D:4      | Noticed Blork the orc
  3612 | D:4      | Killed Blork the orc
  3613 | D:4      | Reached skill level 6 in Fighting
  3690 | D:4      | Reached XP level 7. HP: 42/63 MP: 13/13
  4039 | D:5      | Entered Level 5 of the Dungeon
  4062 | D:5      | Reached skill level 1 in Evocations
  4127 | D:5      | Learned a level 4 spell: Fulminant Prism
  4281 | D:5      | Reached skill level 1 in Hexes
  4804 | D:5      | Reached XP level 8. HP: 56/70 MP: 6/14
  4932 | D:5      | Noticed Ijyb
  4945 | D:5      | Killed Ijyb
  5263 | D:5      | Reached skill level 1 in Throwing
  5372 | D:5      | Found a staircase to the Ecumenical Temple.
  5818 | D:6      | Noticed Pikel
  5861 | D:6      | Killed Pikel
  5862 | D:6      | Reached skill level 7 in Fighting
  6182 | D:6      | Identified the +8 whip of Wofip {vorpal, +Blink rN+ Int+4
                  | Dex-4}
  7026 | D:6      | Reached skill level 5 in Conjurations
  7026 | D:6      | Reached skill level 1 in Maces & Flails
  7026 | D:6      | Reached XP level 9. HP: 61/79 MP: 11/16
  7058 | D:6      | HP: 2/79 [spore (11)]
  7200 | D:7      | Found a transporter.
  7200 | D:7      | Noticed Cecur's ghost (amateur DsGl)
  7201 | D:7      | Noticed a manticore
  7219 | D:7      | Identified the +1 quarterstaff "Utamad" {freeze, rPois rN+
                  | Dex-2 SInv Stlth+}
  8110 | D:7      | Identified the +9 war axe "Untob" {pain, rF+ Str+3}
  8134 | D:7      | Found a transporter.
  8251 | D:7      | Reached skill level 8 in Fighting
  8480 | D:8      | Noticed a two-headed ogre
  8503 | D:8      | HP: 3/81 [two-headed ogre (11)]
  8506 | D:8      | Killed a two-headed ogre
  8507 | D:8      | Reached skill level 5 in Dodging
  8516 | D:8      | HP: 4/81 [killer bee (1)]
  8519 | D:8      | HP: 1/121 [killer bee (5)]
  8519 | D:8      | Slain by a killer bee

Illustrated notes

Levels and vault maps discovered:
D:1:      minmay_arrival_open_corners, layout_basic,
          dreamdust_ecumenical_altar_angels_and_demons
D:2:      layout_loops_ring, uniq_sigmund
D:3:      layout_loops_ring, gammafunk_temple_overflow_wave,
          hangedman_decor_clover_reticule, grunt_ministairs_13, st_stairs_7,
          minmay_randomly_rotated_circles
D:4:      layout_basic, okawaru_metal_pillars_3, lemuel_blue_sif_altar,
          uniq_blork_the_orc
D:5:      layout_loops_ring, minmay_temple_entry_enclosed_plants, uniq_ijyb
D:6:      layout_layer_cave, uniq_pikel
D:7:      layout_basic, mainiacjoe_overflow_alcove_4, kennysheep_little_box,
          gammafunk_ghost_arena, minmay_checkerbox
D:8:      layout_loops_cross, minmay_lizard_king

Skill      XL: |  1  2  3  4  5  6  7  8  9 |
---------------+----------------------------+-----
Fighting       | 1 3 5 6 7 8 |  8.0
Slings         | 1 2 3 |  3.0
Dodging        | 2 3 5 |  5.0
Spellcasting   | 2 3 |  3.0
Stealth        | 3 4 |  4.0
Conjurations   | 4 5 |  5.0
Evocations     | 3 4 |  4.3
Hexes          | 3 |  3.0
Throwing       | 2 |  2.2
Maces & Flails | 1 2 |  2.0

Action                   |  1- 3 |  4- 6 |  7- 9 || total
-------------------------+-------+-------+-------++-------
Melee: Whip              |       |       |    81 ||    81
       Punch             |       |       |     1 ||     1
 Fire: Hunting sling     |    34 |   117 |   164 ||   315
Throw: Javelin           |       |       |    14 ||    14
       Dart              |       |       |     1 ||     1
 Cast: Magic Dart        |     7 |    21 |    29 ||    57
       Searing Ray       |     1 |     7 |    42 ||    50
       Fulminant Prism   |       |       |    10 ||    10
 Abil: Evoke Blink       |       |       |     6 ||     6
Evoke: Wand              |       |       |     4 ||     4
  Use: Scroll            |       |     3 |     5 ||     8
       Potion            |       |       |     3 ||     3
 Stab: Paralysed         |       |       |     4 ||     4
Armor: Robe              |       |    12 |    52 ||    64
       Skin              |       |       |    13 ||    13
Dodge: Dodged            |     2 |    33 |   150 ||   185

Table legend: (Time is in decaauts)
 A = Elapsed time spent in this place.
 B = Non-inter-level travel time spent in this place.
 C = Inter-level travel time spent in this place.
 D = Time resting spent in this place.
 E = Time spent auto-exploring this place.
 F = Levels seen in this place.
 G = Mean time per level.
                   A        B        C        D        E       F      G
               +--------+--------+--------+--------+--------+-----+--------+
         Total |   8559 |   8161 |    398 |     15 |   7048 |   8 | 1069.9 |
       Dungeon |   8559 |   8161 |    398 |     15 |   7048 |   8 | 1069.9 |
               +--------+--------+--------+--------+--------+-----+--------+

Top non-repeatable levels by time:
     D:6: 1683 daAuts
     D:5: 1427 daAuts
     D:7: 1315 daAuts
     D:4: 1267 daAuts
     D:3: 1126 daAuts
     D:1: 850 daAuts
     D:2: 817 daAuts
     D:8: 71 daAuts
